 Dungeon Crawl Stone Soup version 0.27-a0-328-g7f782ed93a (webtiles) character file.

Game seed: 13786590952887427212

16 DavidChitty2 the Skirmisher (level 2, -3/27 HPs)
             Began as a Hill Orc Abyssal Knight on Feb 11, 2021.
             Was a Follower of Lugonu.
             Slain by a goblin
             ... wielding a +0 club
              (4 damage)
             ... on level 1 of the Dungeon.
             The game lasted 00:01:20 (667 turns).

DavidChitty2 the Skirmisher (HOAK)                   Turns: 667, Time: 00:01:21

Health: -3/27      AC:  3    Str: 14    XL:     2   Next: 58%
Magic:  4/4        EV: 11    Int: 12    God:    Lugonu [*.....]
Gold:   68         SH:  0    Dex: 10    Spells: 1/1 levels left

rFire    . . .     SeeInvis .   a - +1 hand axe
rCold    . . .     Faith    .   (no shield)
rNeg     . . .     Spirit   .   b - +0 leather armour
rPois    .         Reflect  .   (no helmet)
rElec    .         Harm     .   (no cloak)
rCorr    .         Rampage  .   (no gloves)
Will     .....                  (no boots)
Stlth    +.........             (no amulet)
HPRegen  0.09/turn              (no ring)
MPRegen  0.09/turn              (no ring)

@: lethally poisoned (-3 -> -9), very slightly contaminated, invisible
A: no striking features
a: Renounce Religion, Depart the Abyss


You were on level 1 of the Dungeon.
You worshipped Lugonu.
Lugonu was aware of your devotion.
You visited 1 branch of the dungeon, and saw 1 of its levels.
You visited the Abyss 1 time.

You collected 68 gold pieces.

Inventory:

Hand Weapons
 a - a +1 hand axe (weapon)
 g - a +2 dagger of venom
   (You took it off a goblin on level 1 of the Dungeon)
Armour
 b - a +0 leather armour (worn)
Scrolls
 d - a scroll of teleportation {unknown}
 e - a scroll of amnesia {unknown}
 f - a scroll of magic mapping {unknown}
Potions
 c - a potion of invisibility


   Skills:
 + Level 3.8 Fighting
 * Level 3.3 Axes
 + Level 2.4 Armour
 - Level 0.7 Dodging
 + Level 2.8 Invocations


You had one spell level left.
You didn't know any spells.
Your spell library was empty.

Dungeon Overview and Level Annotations

Branches:
Dungeon (1/15)

Altars:


Message History

You feel sick.
Unknown command.
You feel sick.
Things that are here:
a +2 dagger of venom; a bat corpse It was a potion of invisibility.
You fade into invisibility!
You feel sick.
You are very lightly contaminated with residual magic.
g - a +2 dagger of venom You feel sick.
* * * LOW HITPOINT WARNING * * *
You feel sick.
* * * LOW HITPOINT WARNING * * *
You feel sick.
Found an escape hatch in the floor.
A goblin comes into view. It is wielding a +0 club.
* * * LOW HITPOINT WARNING * * *
You feel sick.
* * * LOW HITPOINT WARNING * * *
You feel sick.
* * * LOW HITPOINT WARNING * * *
You feel sick.
A hobgoblin comes into view. It is wielding a +0 club.
* * * LOW HITPOINT WARNING * * *
You feel sick.
* * * LOW HITPOINT WARNING * * *
You feel sick.
* * * LOW HITPOINT WARNING * * *
You feel sick.
* * * LOW HITPOINT WARNING * * *
You feel sick.
The goblin shouts!
The hobgoblin shouts!
The goblin barely misses you.
You hit the goblin.
* * * LOW HITPOINT WARNING * * *
You feel sick. The goblin hits you but does no damage.
You closely miss the goblin.
* * * LOW HITPOINT WARNING * * *
You feel sick. The goblin barely misses you.
You barely miss the goblin. The goblin closely misses you.
Unknown command.
You closely miss the goblin. You closely miss the hobgoblin.
* * * LOW HITPOINT WARNING * * *
You feel sick. The hobgoblin barely misses you. The goblin closely misses you.
You closely miss the goblin. You hit the hobgoblin but do no damage.
* * * LOW HITPOINT WARNING * * *
You feel sick. The hobgoblin barely misses you.
The goblin hits you with a +0 club.
You die...

>..............
#.....$...######
#.#####...# #.#
#...# ## #
#.#####...# ..
#.#####.....+††.+
..
#.........###...# .
#...g...........#
#...g@..........#
♣.
#...............#
♣♣∩
.................##
♣∩.
#####+######.....#
♣∩. ........ ♣∩.
....####.. ♣♣∩
.....# .>. ♣ .....#
.#


You could see a hobgoblin and a goblin.

Vanquished Creatures
  A leopard gecko (D:1)
  2 hobgoblins (D:1)
  3 kobolds (D:1)
  2 ball pythons (D:1)
  2 bats (D:1)
  5 goblins (D:1)
  2 rats (D:1)
17 creatures vanquished.

Notes
Turn   | Place    | Note
-------+----------+-------------------------------------------
     0 | Abyss:1  | DavidChitty2 the Hill Orc Abyssal Knight began the quest
                  | for the Orb.
     0 | Abyss:1  | Reached XP level 1. HP: 19/19 MP: 2/2
    56 | Abyss:1  | Noticed a wretched star
    57 | D:1      | Escaped the Abyss
   188 | D:1      | Reached XP level 2. HP: 10/27 MP: 3/3
   387 | D:1      | Reached * piety under Lugonu
   667 | D:1      | HP: 1/27 [poisoned by a goblin]
   667 | D:1      | Slain by a goblin

Illustrated notes

Levels and vault maps discovered:
D:1:      heliophobic_arrival_henge, layout_basic

Skill      XL: |  1 |
---------------+----+-----
Axes           | 3 |  3.3
Fighting       | |  3.8
Armour         | |  2.4
Dodging        | |  0.7
Invocations    | |  2.8

Action                   || total
-------------------------++-------
Melee: Hand axe          ||    63
Invok: Depart the Abyss  ||     1
  Use: Potion            ||     1
Armor: Leather armour    ||    17
Dodge: Dodged            ||    41

Table legend: (Time is in decaauts)
 A = Elapsed time spent in this place.
 B = Non-inter-level travel time spent in this place.
 C = Inter-level travel time spent in this place.
 D = Time resting spent in this place.
 E = Time spent auto-exploring this place.
 F = Levels seen in this place.
 G = Mean time per level.
                   A        B        C        D        E       F      G
               +--------+--------+--------+--------+--------+-----+--------+
         Total |    675 |    675 |      0 |    310 |    228 |   2 |  337.5 |
       Dungeon |    618 |    618 |      0 |    310 |    172 |   1 |  618.0 |
         Abyss |     57 |     57 |      0 |      0 |     56 |   1 |   57.0 |
               +--------+--------+--------+--------+--------+-----+--------+

Top non-repeatable levels by time:
     D:1: 618 daAuts
 Abyss:1: 57 daAuts
